Gangsters vs Scraper

Created - 11 mars 2015 at 23:22

Goals
1 2 3 OT1 SO T
Gangsters 2 0 4 0 3 7
Scraper 2 1 3 0 2 6
Shots
1 2 3 OT1 SO T
Gangsters 11 16 18 1 5 46
Scraper 5 5 8 2 5 20

1st period

1. Gangsters , Dave Dziurzynski 9 (Richard Panik, Maxime Sauvé) at 12:14
2. Scraper , Valeri Bure 27 (Rick Schofield) at 12:36
3. Scraper , Ryan O'Reilly 12 (Riley Armstrong, Brendan Smith) at 16:50
4. Gangsters , Chris Bourque 27 (Shaun Heska) at 19:28 (PP)

Penalties :
Reilly Smith (Out) for High sticking (Minor) at 17:34, Derek Joslin (Out) for Slashing (Minor) at 18:09

2nd period

5. Scraper , Riley Armstrong 20 (Eric Godard, Daniel Winnik) at 1:57

Penalties :
Marcus Foligno (Out) for Holding (Minor) at 5:15, Eric Godard (Out) for Goalie Interference (Minor) at 11:27, Ryan Jones (Bro) for Roughing (Minor) at 19:55

3rd period

6. Scraper , Riley Armstrong 21 (Eric Godard) at 0:11 (PP)
7. Gangsters , Chris Bourque 28 (Gustav Nyquist, Shaun Heska) at 0:51
8. Gangsters , Artem Anisimov 15 (Jaroslav Balastik, Ryan Jones) at 1:05
9. Scraper , Eric Godard 28 (Riley Armstrong, Daniel Winnik) at 1:54 (PP)
10. Scraper , Riley Armstrong 22 (Derek Joslin) at 5:24
11. Gangsters , Artem Anisimov 16 (Ryan Jones, Jaroslav Balastik) at 12:11
12. Gangsters , Brock Bradford 10 (Chris Bourque, Gustav Nyquist) at 14:21 (PP)

Penalties :
Gustav Nyquist (Bro) for Holding (Minor) at 1:46, Rick Schofield (Out) for Hooking (Minor) at 12:28, Riley Armstrong (Out) for Tripping (Minor) at 16:29

Overtime #1

No Goal

Penalties :
No Penalty

Shootout

Penalty Shot by Jaroslav Balastik for Gangsters - Goal!
Penalty Shot by Eric Godard for Scraper - Stopped by Brad Thiessen
Penalty Shot by Chris Bourque for Gangsters - Stopped by Maxime Ouellet
Penalty Shot by Riley Armstrong for Scraper - Shot Misses the Net
Penalty Shot by Ryan Jones for Gangsters - Stopped by Maxime Ouellet
Penalty Shot by Valeri Bure for Scraper - Goal!
Penalty Shot by Nick Foligno for Gangsters - Goal!
Penalty Shot by Daniel Winnik for Scraper - Goal!
Penalty Shot by Alexandre Bolduc for Gangsters - Goal!
Penalty Shot by Rick Schofield for Scraper - Stopped by Brad Thiessen

Penalties :
No Penalty

Goalie Stats

Brad Thiessen (Bro), 7 saves from 9 shots - (0,778), W, 1-0-0, 24:49 minutes
Dustin Tokarski (Bro), 7 saves from 11 shots - (0,636), 40:11 minutes
Maxime Ouellet (Out), 40 saves from 46 shots - (0,870), OTL, 15-12-4, 65:00 minutes

Players Stats for Gangsters

Player Name              G  A  P  +/- PIM S  H  SB GA TA FO     MP     PP MP  PK MP  
------------------------------------------------------------------------------------
Alexandre Bolduc         0  0  0   0  0   3  4  0  1  0  8/15   17:50   5:03   0:00 
Artem Anisimov           2  0  2   0  0   5  2  0  0  1  20/36  22:34   4:50   0:00 
Brock Bradford           1  0  1  -1  0   4  2  1  2  0  3/6    11:52   0:31   0:00 
Bryan Young              0  0  0   0  0   1  0  0  0  1  0/0    20:18   4:01   0:00 
Chris Bourque            2  1  3   0  0   7  1  0  2  0  0/0    20:37   5:01   0:24 
Colten Teubert           0  0  0   0  0   1  2  0  0  1  0/0    20:18   4:01   0:00 
Dave Dziurzynski         1  0  1   1  0   2  2  0  1  0  0/0     8:05   0:00   0:00 
Gustav Nyquist           0  2  2   0  2   2  0  0  0  0  1/2    17:33   5:01   0:00 
Jaroslav Balastik        0  2  2   0  0   6  2  0  2  0  4/7    26:06   5:04   0:24 
Matt Delahey             0  0  0   0  0   1  1  0  0  1  0/0    12:09   0:00   0:00 
Maxime Sauvé             0  1  1   1  0   3  2  0  0  0  2/2     8:25   0:00   0:00 
Michael Sdao             0  0  0   0  0   1  1  0  0  0  0/0    12:09   0:00   0:00 
Mikko Lehtonen           0  0  0  -1  0   2  0  0  1  0  0/1    12:27   0:42   0:00 
Nick Foligno             0  0  0  -1  0   3  1  0  0  0  0/0    11:28   0:00   0:00 
Richard Panik            0  1  1   1  0   0  0  0  0  0  0/0     8:33   0:08   0:00 
Ryan Jones               0  2  2   0  2   2  4  0  1  0  1/4    24:04   4:52   0:00 
Shaun Heska              0  2  2   0  0   2  1  2  1  0  0/0    32:33   6:23   0:24 
Ville Koistinen          0  0  0   0  0   1  2  2  1  0  0/0    32:33   6:23   0:24 

Players Stats for Scraper

Player Name              G  A  P  +/- PIM S  H  SB GA TA FO     MP     PP MP  PK MP  
------------------------------------------------------------------------------------
Brayden Schenn           0  0  0   0  0   1  1  1  0  0  3/8    16:02   0:00   2:17 
Brendan Smith            0  1  1   2  0   1  0  0  0  2  0/0    33:48   0:24   6:20 
Daniel Winnik            0  2  2   0  0   2  1  1  0  0  1/1    20:33   0:24   3:42 
Derek Joslin             0  1  1   1  2   0  1  2  1  5  0/0    27:11   0:24   5:06 
Eric Godard              1  2  3  -1  2   3  1  0  2  0  8/11   29:29   0:24   4:25 
Eric Gryba               0  0  0  -1  0   1  0  1  0  0  0/0     9:44   0:00   0:00 
Eric Knodel              0  0  0   1  0   0  0  0  0  0  0/0     5:16   0:00   0:00 
Ilkka Heikkinen          0  0  0  -1  0   1  0  1  0  2  0/0    21:35   0:00   4:04 
Jared Cowen              0  0  0  -1  0   1  0  1  0  1  0/0    21:35   0:00   4:04 
Jerome Samson            0  0  0   2  0   0  0  1  0  0  0/0    10:04   0:00   0:00 
Joe Finley               0  0  0  -1  0   0  1  0  0  0  0/0    11:05   0:00   1:13 
Marcus Foligno           0  0  0  -1  2   0  2  1  0  1  0/2    16:40   0:00   1:14 
Reilly Smith             0  0  0  -1  2   1  1  0  0  0  0/0    13:23   0:00   0:09 
Rick Schofield           0  1  1  -1  2   1  0  0  0  0  8/14   15:29   0:00   0:00 
Riley Armstrong          3  2  5   2  2   3  0  0  0  0  10/30  27:47   0:24   4:37 
Riley Nash               0  0  0   0  0   0  0  0  0  0  0/0     0:00   0:00   0:00 
Roman Horak              0  0  0   0  0   0  0  0  0  0  0/0     0:50   0:00   0:30 
Ryan O'Reilly            1  0  1   1  0   1  2  2  0  1  1/3     9:21   0:00   1:27 
Valeri Bure              1  0  1  -1  0   4  0  1  1  0  3/4    18:19   0:00   1:08 

3 Stars

1 - Riley Armstrong (Out)
2 - Chris Bourque (Bro)
3 - Artem Anisimov (Bro)

Power Play

Gangsters - 2 on 6 Attempt(s) - 33,33%
Scraper - 2 on 2 Attempt(s) - 100,00%

Penalty Kill

Gangsters - 0 on 2 Attempt(s) - 0,00% - Score 0 goal in Penalty Kill
Scraper - 4 on 6 Attempt(s) - 66,67% - Score 0 goal in Penalty Kill

Team Stat

Gangsters - Hits : 27 - Faceoff Wins : 39 - Blocked Shots : 5 - Penalty Minutes : 4
Scraper - Hits : 10 - Faceoff Wins : 34 - Blocked Shots : 12 - Penalty Minutes : 12

Official

Referees : Auger Stephane and Morton Dean
Linesman : Mike Cvik and Lonnie Cameron

Game Notes

Ryan O'Reilly is injured at 16:40 of 2nd period (Lacerated Right Calf)
Brad Thiessen enters game at 0:11 of 3rd period
Riley Armstrong has scored a Hat Trick!

Finance

Level 1 -- Attendance: 1408 (70,40%) -- Ticket Income 56 320 $
Level 2 -- Attendance: 713 (71,30%) -- Ticket Income 14 260 $
Total Attendance: 2121 (70,70%)
Total Ticket Income: 70 580 $
Other Income: 3 529 $
Total Income: 74 109 $

Gangsters

5 vs 5 Forward 
   Center                   Left Wing                Right Wing               Time % Phy DF OF 
 1 Artem Anisimov           Jaroslav Balastik        Ryan Jones               40     1   2  2  
 2 Alexandre Bolduc         Chris Bourque            Gustav Nyquist           30     1   2  2  
 3 Brock Bradford           Nick Foligno             Mikko Lehtonen           20     1   2  2  
 4 Maxime Sauvé             Dave Dziurzynski         Richard Panik            10     1   2  2  

5 vs 5 Defense 
   Defense                  Defense                                           Time % Phy DF OF 
 1 Ville Koistinen          Shaun Heska                                       40     1   2  2  
 2 Bryan Young              Colten Teubert                                    30     1   2  2  
 3 Matt Delahey             Michael Sdao                                      20     1   2  2  
 4 Ville Koistinen          Shaun Heska                                       10     1   2  2  

PowerPlay Forward 
   Center                   Left Wing                Right Wing               Time % Phy DF OF 
 1 Alexandre Bolduc         Jaroslav Balastik        Ryan Jones               60     1   2  2  
 2 Artem Anisimov           Chris Bourque            Gustav Nyquist           40     1   2  2  

PowerPlay Defense
   Defense                  Defense                                           Time % Phy DF OF 
 1 Ville Koistinen          Shaun Heska                                       60     1   2  2  
 2 Bryan Young              Colten Teubert                                    40     1   2  2  

Penalty Kill 4 Players Forward 
   Center                   Wing                     Time % Phy DF OF 
 1 Jaroslav Balastik        Chris Bourque            60     1   2  2  
 2 Ryan Jones               Nick Foligno             40     1   2  2  

Penalty Kill 4 Players Defense
   Defense                  Defense                  Time % Phy DF OF 
 1 Ville Koistinen          Shaun Heska              60     1   2  2  
 2 Bryan Young              Colten Teubert           40     1   2  2  

Penalty Kill - 3 Players Forward 
   Forward                                           Time % Phy DF OF 
 1 Jaroslav Balastik                                 60     1   2  2  
 2 Chris Bourque                                     40     1   2  2  

Penalty Kill - 3 Players Defense
   Defense                  Defense                  Time % Phy DF OF 
 1 Ville Koistinen          Shaun Heska              60     1   2  2  
 2 Bryan Young              Colten Teubert           40     1   2  2  

4 vs 4 Forward 
   Center                   Wing                     Time % Phy DF OF 
 1 Jaroslav Balastik        Chris Bourque            60     1   2  2  
 2 Ryan Jones               Nick Foligno             40     1   2  2  

4 vs 4 Defense
   Defense                  Defense                  Time % Phy DF OF 
 1 Ville Koistinen          Shaun Heska              60     1   2  2  
 2 Bryan Young              Colten Teubert           40     1   2  2  

Last Minutes Offensive
   Center                   Left Wing                Right Wing               Defense                  Defense                  
   Alexandre Bolduc         Jaroslav Balastik        Ryan Jones               Ville Koistinen          Shaun Heska              

Last Minutes Defensive
   Center                   Left Wing                Right Wing               Defense                  Defense                  
   Alexandre Bolduc         Jaroslav Balastik        Ryan Jones               Ville Koistinen          Shaun Heska              

Goaltenders
Starting : Dustin Tokarski          
Backup : Brad Thiessen            

Extra Forwards
Normal : Mikko Lehtonen, Brock Bradford, Maxime Sauvé - PP : Mikko Lehtonen, Brock Bradford - PK : Maxime Sauvé
Extra Defensemen
Normal : Matt Delahey, Michael Sdao, Bryan Young - PP : Matt Delahey - PK : Michael Sdao, Bryan Young
Penalty Shots
Jaroslav Balastik, Chris Bourque, Ryan Jones, Nick Foligno, Alexandre Bolduc

Scraper

5 vs 5 Forward 
   Center                   Left Wing                Right Wing               Time % Phy DF OF 
 1 Riley Armstrong          Daniel Winnik            Eric Godard              40     1   2  2  
 2 Rick Schofield           Marcus Foligno           Valeri Bure              30     1   2  2  
 3 Brayden Schenn           Eric Godard              Reilly Smith             20     1   2  2  
 4 Ryan O'Reilly            Riley Armstrong          Jerome Samson            10     1   2  2  

5 vs 5 Defense 
   Defense                  Defense                                           Time % Phy DF OF 
 1 Brendan Smith            Derek Joslin                                      40     1   2  2  
 2 Ilkka Heikkinen          Jared Cowen                                       30     1   2  2  
 3 Eric Gryba               Joe Finley                                        20     1   2  2  
 4 Eric Knodel              Brendan Smith                                     10     1   2  2  

PowerPlay Forward 
   Center                   Left Wing                Right Wing               Time % Phy DF OF 
 1 Riley Armstrong          Daniel Winnik            Eric Godard              60     1   2  2  
 2 Rick Schofield           Marcus Foligno           Valeri Bure              40     1   2  2  

PowerPlay Defense
   Defense                  Defense                                           Time % Phy DF OF 
 1 Brendan Smith            Derek Joslin                                      60     1   2  2  
 2 Ilkka Heikkinen          Jared Cowen                                       40     1   2  2  

Penalty Kill 4 Players Forward 
   Center                   Wing                     Time % Phy DF OF 
 1 Eric Godard              Riley Armstrong          60     1   2  2  
 2 Valeri Bure              Daniel Winnik            40     1   2  2  

Penalty Kill 4 Players Defense
   Defense                  Defense                  Time % Phy DF OF 
 1 Brendan Smith            Derek Joslin             60     1   2  2  
 2 Ilkka Heikkinen          Jared Cowen              40     1   2  2  

Penalty Kill - 3 Players Forward 
   Forward                                           Time % Phy DF OF 
 1 Eric Godard                                       60     1   2  2  
 2 Riley Armstrong                                   40     1   2  2  

Penalty Kill - 3 Players Defense
   Defense                  Defense                  Time % Phy DF OF 
 1 Brendan Smith            Derek Joslin             60     1   2  2  
 2 Ilkka Heikkinen          Jared Cowen              40     1   2  2  

4 vs 4 Forward 
   Center                   Wing                     Time % Phy DF OF 
 1 Eric Godard              Riley Armstrong          60     1   2  2  
 2 Valeri Bure              Daniel Winnik            40     1   2  2  

4 vs 4 Defense
   Defense                  Defense                  Time % Phy DF OF 
 1 Brendan Smith            Derek Joslin             60     1   2  2  
 2 Ilkka Heikkinen          Jared Cowen              40     1   2  2  

Last Minutes Offensive
   Center                   Left Wing                Right Wing               Defense                  Defense                  
   Riley Armstrong          Daniel Winnik            Eric Godard              Brendan Smith            Derek Joslin             

Last Minutes Defensive
   Center                   Left Wing                Right Wing               Defense                  Defense                  
   Riley Armstrong          Daniel Winnik            Eric Godard              Brendan Smith            Derek Joslin             

Goaltenders
Starting : Maxime Ouellet           
Backup : Peter Mannino            

Extra Forwards
Normal : Brayden Schenn, Reilly Smith, Ryan O'Reilly - PP : Brayden Schenn, Reilly Smith - PK : Ryan O'Reilly
Extra Defensemen
Normal : Eric Gryba, Joe Finley, Eric Knodel - PP : Eric Gryba - PK : Joe Finley, Eric Knodel
Penalty Shots
Eric Godard, Riley Armstrong, Valeri Bure, Daniel Winnik, Rick Schofield

% Time on Ice - Gangsters

Lines # - Real PCT - Wanted PCT - Time Play
Normal Forward
1 - 37% - 40% - 17:58
2 - 26% - 30% - 12:56
3 - 21% - 20% - 10:13
4 - 16% - 10% - 8:05
Normal Defense
1 - 41% - 40% - 20:05
2 - 29% - 30% - 14:05
3 - 25% - 20% - 12:09
4 - 6% - 10% - 2:53
PP Forward
1 - 52% - 60% - 5:23
2 - 48% - 40% - 5:01
PP Defense
1 - 61% - 60% - 6:23
2 - 39% - 40% - 4:01
PK Forward
1 - 100% - 60% - 0:24
2 - 0% - 40% - 0:00
PK Defense
1 - 100% - 60% - 0:24
2 - 0% - 40% - 0:00
PK3 Forward
1 - 0% - 60%
2 - 0% - 40%
PK3 Defense
1 - 0% - 60%
2 - 0% - 40%
44 Forward
1 - 75% - 60% - 3:45
2 - 25% - 40% - 1:15
44 Defense
1 - 56% - 60% - 2:48
2 - 44% - 40% - 2:12
Last Minute Offensive  - 0:00
Last Minute Defensive  - 0:00
Total
Forward - 65:00
Defense - 65:00

% Time on Ice - Scraper

Lines # - Real PCT - Wanted PCT - Time Play
Normal Forward
1 - 27% - 40% - 13:30
2 - 32% - 30% - 15:30
3 - 21% - 20% - 10:08
4 - 20% - 10% - 10:04
Normal Defense
1 - 38% - 40% - 18:49
2 - 31% - 30% - 15:23
3 - 20% - 20% - 9:44
4 - 11% - 10% - 5:16
PP Forward
1 - 100% - 60% - 0:24
2 - 0% - 40% - 0:00
PP Defense
1 - 100% - 60% - 0:24
2 - 0% - 40% - 0:00
PK Forward
1 - 88% - 60% - 7:57
2 - 12% - 40% - 1:08
PK Defense
1 - 63% - 60% - 5:42
2 - 37% - 40% - 3:23
PK3 Forward
1 - 43% - 60% - 0:34
2 - 57% - 40% - 0:45
PK3 Defense
1 - 48% - 60% - 0:38
2 - 52% - 40% - 0:41
44 Forward
1 - 66% - 60% - 3:19
2 - 34% - 40% - 1:41
44 Defense
1 - 57% - 60% - 2:52
2 - 43% - 40% - 2:08
Last Minute Offensive  - 0:00
Last Minute Defensive  - 0:00
Total
Forward - 65:00
Defense - 65:00

Play by Play

1st period


0:01 of 1st period - Riley Armstrong wins face-off versus Artem Anisimov in neutral zone.
0:28 of 1st period - Shaun Heska is hit by Marcus Foligno and loses puck.
0:53 of 1st period - Wrist shot by Mikko Lehtonen.
0:53 of 1st period - Stopped by Maxime Ouellet without a rebound.
0:54 of 1st period - Brock Bradford wins face-off versus Brayden Schenn in Scraper zone.
1:07 of 1st period - Wrist shot by Brock Bradford.
1:07 of 1st period - Stopped by Maxime Ouellet with a rebound.
1:21 of 1st period - Riley Armstrong is hit by Ryan Jones and loses puck.
1:46 of 1st period - Snap shot by Rick Schofield.
1:46 of 1st period - Shot Misses the Net.
2:06 of 1st period - Wrist shot by Eric Godard.
2:06 of 1st period - Stopped by Dustin Tokarski with a rebound.
2:26 of 1st period - Eric Gryba is hit by Alexandre Bolduc and loses puck.
3:07 of 1st period - Eric Gryba is hit by Brock Bradford and loses puck.
3:15 of 1st period - Icing by Eric Gryba.
3:16 of 1st period - Alexandre Bolduc wins face-off versus Riley Armstrong in Scraper zone.
3:34 of 1st period - Slapshot by Jaroslav Balastik.
3:34 of 1st period - Shot Blocked by Marcus Foligno.
3:36 of 1st period - Slapshot by Shaun Heska.
3:36 of 1st period - Deflect By Jaroslav Balastik.
3:36 of 1st period - Shot Misses the Net.
3:36 of 1st period - Puck is out of play.
3:37 of 1st period - Artem Anisimov wins face-off versus Brayden Schenn in Scraper zone.
4:06 of 1st period - Slapshot by Chris Bourque.
4:06 of 1st period - Stopped by Maxime Ouellet with a rebound.
5:38 of 1st period - Wrist shot by Reilly Smith.
5:38 of 1st period - Stopped by Dustin Tokarski with a rebound.
8:12 of 1st period - Snap shot by Maxime Sauvé.
8:12 of 1st period - Stopped by Maxime Ouellet with a rebound.
8:21 of 1st period - Icing by Ville Koistinen.
8:22 of 1st period - Alexandre Bolduc wins face-off versus Rick Schofield in Gangsters zone.
8:27 of 1st period - Wrist shot by Gustav Nyquist.
8:27 of 1st period - Shot Misses the Net.
9:06 of 1st period - Brendan Smith is hit by Nick Foligno and loses puck.
9:31 of 1st period - Slapshot by Dave Dziurzynski.
9:31 of 1st period - Shot Misses the Net.
9:33 of 1st period - Slapshot by Bryan Young.
9:33 of 1st period - Stopped by Maxime Ouellet with a rebound.
9:35 of 1st period - Wrist shot by Maxime Sauvé.
9:35 of 1st period - Shot Misses the Net.
10:07 of 1st period - Wrist shot by Valeri Bure.
10:07 of 1st period - Stopped by Dustin Tokarski with a rebound.
11:04 of 1st period - Riley Armstrong is hit by Alexandre Bolduc and loses puck.
11:09 of 1st period - Snap shot by Gustav Nyquist.
11:09 of 1st period - Deflect By Riley Armstrong.
11:09 of 1st period - Shot Blocked by Daniel Winnik.
11:09 of 1st period - Puck is out of play.
11:10 of 1st period - Rick Schofield wins face-off versus Artem Anisimov in Scraper zone.
11:27 of 1st period - Reilly Smith is hit by Shaun Heska and loses puck.
11:34 of 1st period - Ville Koistinen is hit by Reilly Smith.
11:56 of 1st period - Bryan Young is hit by Marcus Foligno and loses puck.
12:12 of 1st period - Wrist shot by Richard Panik.
12:12 of 1st period - Shot Blocked by Valeri Bure.
12:14 of 1st period - Snap shot by Dave Dziurzynski.
12:14 of 1st period - Goal by Dave Dziurzynski - Gangsters : 1 - Scraper : 0.
12:15 of 1st period - Artem Anisimov wins face-off versus Riley Armstrong in neutral zone.
12:18 of 1st period - Wrist shot by Jaroslav Balastik.
12:18 of 1st period - Shot Misses the Net.
12:30 of 1st period - Snap shot by Ryan Jones.
12:30 of 1st period - Stopped by Maxime Ouellet without a rebound.
12:31 of 1st period - Rick Schofield wins face-off versus Alexandre Bolduc in Scraper zone.
12:36 of 1st period - Snap shot by Valeri Bure.
12:36 of 1st period - Goal by Valeri Bure - Gangsters : 1 - Scraper : 1.
12:37 of 1st period - Artem Anisimov wins face-off versus Riley Armstrong in neutral zone.
13:02 of 1st period - Rick Schofield is hit by Alexandre Bolduc and loses puck.
14:08 of 1st period - Icing by Valeri Bure.
14:09 of 1st period - Artem Anisimov wins face-off versus Rick Schofield in Scraper zone.
14:38 of 1st period - Snap shot by Chris Bourque.
14:38 of 1st period - Deflect By Alexandre Bolduc.
14:38 of 1st period - Shot Misses the Net.
14:38 of 1st period - Puck is out of play.
14:39 of 1st period - Riley Armstrong wins face-off versus Artem Anisimov in Scraper zone.
15:11 of 1st period - Snap shot by Chris Bourque.
15:11 of 1st period - Stopped by Maxime Ouellet without a rebound.
15:12 of 1st period - Brayden Schenn wins face-off versus Gustav Nyquist in Scraper zone.
15:27 of 1st period - Snap shot by Gustav Nyquist.
15:27 of 1st period - Shot Misses the Net.
15:37 of 1st period - Ville Koistinen is hit by Ryan O'Reilly.
16:20 of 1st period - Snap shot by Chris Bourque.
16:20 of 1st period - Stopped by Maxime Ouellet with a rebound.
16:50 of 1st period - Slapshot by Ryan O'Reilly.
16:50 of 1st period - Goal by Ryan O'Reilly - Gangsters : 1 - Scraper : 2.
16:51 of 1st period - Artem Anisimov wins face-off versus Brayden Schenn in neutral zone.
17:02 of 1st period - Slapshot by Brayden Schenn.
17:02 of 1st period - Shot Blocked by Shaun Heska.
17:22 of 1st period - Snap shot by Brock Bradford.
17:22 of 1st period - Shot Misses the Net.
17:28 of 1st period - Snap shot by Brock Bradford.
17:28 of 1st period - Shot Blocked by Jared Cowen.
17:34 of 1st period - Minor Penalty to Reilly Smith for High sticking.
17:35 of 1st period - Eric Godard wins face-off versus Alexandre Bolduc in Scraper zone.
18:09 of 1st period - Minor Penalty to Derek Joslin for Slashing.
18:10 of 1st period - Eric Godard wins face-off versus Alexandre Bolduc in Scraper zone.
18:15 of 1st period - Eric Godard is hit by Ryan Jones and loses puck.
18:26 of 1st period - Slapshot by Alexandre Bolduc.
18:26 of 1st period - Stopped by Maxime Ouellet with a rebound.
19:28 of 1st period - Snap shot by Chris Bourque.
19:28 of 1st period - Goal by Chris Bourque - Gangsters : 2 - Scraper : 2.
19:29 of 1st period - Eric Godard wins face-off versus Alexandre Bolduc in neutral zone.
Goals for this period are 2 for Gangsters vs 2 for Scraper.
Shots for this period are 11 for Gangsters vs 5 for Scraper.

2nd period


0:01 of 2nd period - Alexandre Bolduc wins face-off versus Eric Godard in neutral zone.
0:08 of 2nd period - Wrist shot by Alexandre Bolduc.
0:08 of 2nd period - Shot Misses the Net.
0:09 of 2nd period - Penalty to Derek Joslin is over, Derek Joslin is back on ice.
0:16 of 2nd period - Snap shot by Alexandre Bolduc.
0:16 of 2nd period - Stopped by Maxime Ouellet without a rebound.
0:17 of 2nd period - Brock Bradford wins face-off versus Riley Armstrong in Scraper zone.
0:42 of 2nd period - Derek Joslin is hit by Artem Anisimov and loses puck.
1:16 of 2nd period - Derek Joslin is hit by Colten Teubert and loses puck.
1:29 of 2nd period - Wrist shot by Alexandre Bolduc.
1:29 of 2nd period - Stopped by Maxime Ouellet with a rebound.
1:31 of 2nd period - Slapshot by Chris Bourque.
1:31 of 2nd period - Shot Blocked by Derek Joslin.
1:33 of 2nd period - Snap shot by Chris Bourque.
1:33 of 2nd period - Stopped by Maxime Ouellet with a rebound.
1:35 of 2nd period - Slapshot by Gustav Nyquist.
1:35 of 2nd period - Stopped by Maxime Ouellet without a rebound.
1:36 of 2nd period - Rick Schofield wins face-off versus Artem Anisimov in Scraper zone.
1:47 of 2nd period - Wrist shot by Jaroslav Balastik.
1:47 of 2nd period - Stopped by Maxime Ouellet without a rebound.
1:48 of 2nd period - Ryan Jones wins face-off versus Riley Armstrong in Scraper zone.
1:57 of 2nd period - Snap shot by Riley Armstrong.
1:57 of 2nd period - Goal by Riley Armstrong - Gangsters : 2 - Scraper : 3.
1:58 of 2nd period - Riley Armstrong wins face-off versus Artem Anisimov in neutral zone.
2:03 of 2nd period - Slapshot by Riley Armstrong.
2:03 of 2nd period - Shot Blocked by Ville Koistinen.
2:05 of 2nd period - Snap shot by Brendan Smith.
2:05 of 2nd period - Stopped by Dustin Tokarski without a rebound.
2:06 of 2nd period - Artem Anisimov wins face-off versus Riley Armstrong in Gangsters zone.
2:21 of 2nd period - Brendan Smith is hit by Ville Koistinen and loses puck.
2:27 of 2nd period - Off-side.
2:28 of 2nd period - Gustav Nyquist wins face-off versus Rick Schofield in neutral zone.
3:15 of 2nd period - Slapshot by Nick Foligno.
3:15 of 2nd period - Stopped by Maxime Ouellet without a rebound.
3:16 of 2nd period - Brock Bradford wins face-off versus Brayden Schenn in Scraper zone.
3:36 of 2nd period - Icing by Ville Koistinen.
3:37 of 2nd period - Rick Schofield wins face-off versus Brock Bradford in Gangsters zone.
4:57 of 2nd period - Icing by Bryan Young.
4:58 of 2nd period - Artem Anisimov wins face-off versus Ryan O'Reilly in Gangsters zone.
4:58 of 2nd period - Artem Anisimov is hit by Joe Finley.
5:15 of 2nd period - Minor Penalty to Marcus Foligno for Holding.
5:16 of 2nd period - Eric Godard wins face-off versus Ryan Jones in Scraper zone.
5:53 of 2nd period - Slapshot by Shaun Heska.
5:53 of 2nd period - Stopped by Maxime Ouellet without a rebound.
5:54 of 2nd period - Valeri Bure wins face-off versus Artem Anisimov in Scraper zone.
7:13 of 2nd period - Ville Koistinen is hit by Daniel Winnik and loses puck.
7:15 of 2nd period - Penalty to Marcus Foligno is over, Marcus Foligno is back on ice.
8:45 of 2nd period - Valeri Bure is hit by Colten Teubert and loses puck.
9:06 of 2nd period - Maxime Sauvé is hit by Brayden Schenn and loses puck.
9:21 of 2nd period - Snap shot by Nick Foligno.
9:21 of 2nd period - Shot Misses the Net.
9:28 of 2nd period - Off-side.
9:29 of 2nd period - Artem Anisimov wins face-off versus Rick Schofield in neutral zone.
9:31 of 2nd period - Off-side.
9:32 of 2nd period - Rick Schofield wins face-off versus Artem Anisimov in neutral zone.
9:41 of 2nd period - Valeri Bure is hit by Artem Anisimov and loses puck.
10:00 of 2nd period - Snap shot by Chris Bourque.
10:00 of 2nd period - Shot Misses the Net.
10:02 of 2nd period - Slapshot by Colten Teubert.
10:02 of 2nd period - Shot Misses the Net.
10:18 of 2nd period - Wrist shot by Riley Armstrong.
10:18 of 2nd period - Shot Misses the Net.
10:20 of 2nd period - Slapshot by Brendan Smith.
10:20 of 2nd period - Shot Misses the Net.
10:34 of 2nd period - Snap shot by Maxime Sauvé.
10:34 of 2nd period - Stopped by Maxime Ouellet with a rebound.
10:36 of 2nd period - Slapshot by Colten Teubert.
10:36 of 2nd period - Stopped by Maxime Ouellet without a rebound.
10:37 of 2nd period - Maxime Sauvé wins face-off versus Rick Schofield in Scraper zone.
10:46 of 2nd period - Wrist shot by Rick Schofield.
10:46 of 2nd period - Shot Misses the Net.
10:48 of 2nd period - Slapshot by Valeri Bure.
10:48 of 2nd period - Shot Blocked by Ville Koistinen.
10:50 of 2nd period - Slapshot by Eric Gryba.
10:50 of 2nd period - Shot Misses the Net.
10:52 of 2nd period - Slapshot by Eric Gryba.
10:52 of 2nd period - Stopped by Dustin Tokarski without a rebound.
10:53 of 2nd period - Artem Anisimov wins face-off versus Riley Armstrong in Gangsters zone.
10:58 of 2nd period - Snap shot by Ryan Jones.
10:58 of 2nd period - Stopped by Maxime Ouellet without a rebound.
10:59 of 2nd period - Artem Anisimov wins face-off versus Riley Armstrong in Scraper zone.
11:08 of 2nd period - Wrist shot by Jaroslav Balastik.
11:08 of 2nd period - Stopped by Maxime Ouellet without a rebound.
11:09 of 2nd period - Riley Armstrong wins face-off versus Artem Anisimov in Scraper zone.
11:27 of 2nd period - Minor Penalty to Eric Godard for Goalie Interference.
11:28 of 2nd period - Ryan O'Reilly wins face-off versus Alexandre Bolduc in Scraper zone.
11:28 of 2nd period - Ryan O'Reilly is hit by Ryan Jones.
13:23 of 2nd period - Jaroslav Balastik is hit by Ryan O'Reilly and loses puck.
13:27 of 2nd period - Penalty to Eric Godard is over, Eric Godard is back on ice.
13:38 of 2nd period - Snap shot by Nick Foligno.
13:38 of 2nd period - Shot Blocked by Eric Gryba.
14:04 of 2nd period - Eric Gryba is hit by Michael Sdao and loses puck.
15:08 of 2nd period - Brendan Smith is hit by Ville Koistinen.
15:38 of 2nd period - Slapshot by Valeri Bure.
15:38 of 2nd period - Stopped by Dustin Tokarski without a rebound.
15:39 of 2nd period - Artem Anisimov wins face-off versus Ryan O'Reilly in Gangsters zone.
15:54 of 2nd period - Snap shot by Maxime Sauvé.
15:54 of 2nd period - Shot Blocked by Ilkka Heikkinen.
16:02 of 2nd period - Ilkka Heikkinen is hit by Matt Delahey and loses puck.
16:17 of 2nd period - Wrist shot by Nick Foligno.
16:17 of 2nd period - Shot Misses the Net.
16:19 of 2nd period - Wrist shot by Nick Foligno.
16:19 of 2nd period - Shot Misses the Net.
16:26 of 2nd period - Snap shot by Nick Foligno.
16:26 of 2nd period - Shot Hit the Post.
16:38 of 2nd period - Snap shot by Artem Anisimov.
16:38 of 2nd period - Shot Blocked by Ryan O'Reilly.
16:40 of 2nd period - Slapshot by Shaun Heska.
16:40 of 2nd period - Shot Blocked by Ryan O'Reilly.
16:40 of 2nd period - Ryan O'Reilly from Scraper is injured at 16:40 of 2nd period (Lacerated Right Calf).
16:41 of 2nd period - Riley Armstrong wins face-off versus Ryan Jones in Scraper zone.
16:41 of 2nd period - Riley Armstrong is hit by Ryan Jones.
16:53 of 2nd period - Snap shot by Eric Godard.
16:53 of 2nd period - Stopped by Dustin Tokarski with a rebound.
17:43 of 2nd period - Daniel Winnik is hit by Brock Bradford and loses puck.
17:54 of 2nd period - Slapshot by Brock Bradford.
17:54 of 2nd period - Stopped by Maxime Ouellet without a rebound.
17:55 of 2nd period - Artem Anisimov wins face-off versus Marcus Foligno in Scraper zone.
18:45 of 2nd period - Marcus Foligno is hit by Maxime Sauvé and loses puck.
19:32 of 2nd period - Wrist shot by Jaroslav Balastik.
19:32 of 2nd period - Deflect By Artem Anisimov.
19:32 of 2nd period - Stopped by Maxime Ouellet without a rebound.
19:33 of 2nd period - Artem Anisimov wins face-off versus Brayden Schenn in Scraper zone.
19:40 of 2nd period - Snap shot by Jaroslav Balastik.
19:40 of 2nd period - Shot Blocked by Brayden Schenn.
19:42 of 2nd period - Wrist shot by Jaroslav Balastik.
19:42 of 2nd period - Stopped by Maxime Ouellet without a rebound.
19:43 of 2nd period - Artem Anisimov wins face-off versus Riley Armstrong in Scraper zone.
19:50 of 2nd period - Snap shot by Jaroslav Balastik.
19:50 of 2nd period - Deflect By Artem Anisimov.
19:50 of 2nd period - Stopped by Maxime Ouellet with a rebound.
19:52 of 2nd period - Snap shot by Jaroslav Balastik.
19:52 of 2nd period - Stopped by Maxime Ouellet without a rebound.
19:53 of 2nd period - Artem Anisimov wins face-off versus Riley Armstrong in Scraper zone.
19:55 of 2nd period - Minor Penalty to Ryan Jones for Roughing.
19:56 of 2nd period - Jaroslav Balastik wins face-off versus Riley Armstrong in Gangsters zone.
Goals for this period are 0 for Gangsters vs 1 for Scraper.
Shots for this period are 16 for Gangsters vs 5 for Scraper.

3rd period


0:01 of 3rd period - Jaroslav Balastik wins face-off versus Riley Armstrong in neutral zone.
0:11 of 3rd period - Snap shot by Riley Armstrong.
0:11 of 3rd period - Goal by Riley Armstrong - Gangsters : 2 - Scraper : 4.
0:11 of 3rd period - Brad Thiessen enters game.
0:12 of 3rd period - Artem Anisimov wins face-off versus Riley Armstrong in neutral zone.
0:15 of 3rd period - Riley Armstrong is hit by Jaroslav Balastik and loses puck.
0:24 of 3rd period - Snap shot by Daniel Winnik.
0:24 of 3rd period - Stopped by Brad Thiessen with a rebound.
0:28 of 3rd period - Snap shot by Eric Godard.
0:28 of 3rd period - Shot Misses the Net.
0:51 of 3rd period - Wrist shot by Chris Bourque.
0:51 of 3rd period - Goal by Chris Bourque - Gangsters : 3 - Scraper : 4.
0:52 of 3rd period - Artem Anisimov wins face-off versus Riley Armstrong in neutral zone.
1:05 of 3rd period - Wrist shot by Artem Anisimov.
1:05 of 3rd period - Goal by Artem Anisimov - Gangsters : 4 - Scraper : 4.
1:06 of 3rd period - Riley Armstrong wins face-off versus Artem Anisimov in neutral zone.
1:46 of 3rd period - Minor Penalty to Gustav Nyquist for Holding.
1:47 of 3rd period - Riley Armstrong wins face-off versus Jaroslav Balastik in Gangsters zone.
1:52 of 3rd period - Slapshot by Eric Godard.
1:52 of 3rd period - Shot Blocked by Shaun Heska.
1:54 of 3rd period - Wrist shot by Eric Godard.
1:54 of 3rd period - Goal by Eric Godard - Gangsters : 4 - Scraper : 5.
1:55 of 3rd period - Daniel Winnik wins face-off versus Artem Anisimov in neutral zone.
2:04 of 3rd period - Snap shot by Jaroslav Balastik.
2:04 of 3rd period - Stopped by Maxime Ouellet with a rebound.
2:06 of 3rd period - Wrist shot by Artem Anisimov.
2:06 of 3rd period - Stopped by Maxime Ouellet without a rebound.
2:07 of 3rd period - Artem Anisimov wins face-off versus Riley Armstrong in Scraper zone.
2:08 of 3rd period - Snap shot by Jaroslav Balastik.
2:08 of 3rd period - Shot Misses the Net.
2:18 of 3rd period - Jaroslav Balastik is hit by Derek Joslin and loses puck.
2:33 of 3rd period - Valeri Bure is hit by Alexandre Bolduc and loses puck.
2:58 of 3rd period - Wrist shot by Mikko Lehtonen.
2:58 of 3rd period - Stopped by Maxime Ouellet with a rebound.
3:00 of 3rd period - Wrist shot by Mikko Lehtonen.
3:00 of 3rd period - Shot Misses the Net.
3:02 of 3rd period - Snap shot by Brock Bradford.
3:02 of 3rd period - Stopped by Maxime Ouellet with a rebound.
3:04 of 3rd period - Snap shot by Nick Foligno.
3:04 of 3rd period - Stopped by Maxime Ouellet with a rebound.
3:06 of 3rd period - Slapshot by Michael Sdao.
3:06 of 3rd period - Deflect By Eric Godard.
3:06 of 3rd period - Stopped by Maxime Ouellet with a rebound.
3:15 of 3rd period - Brendan Smith is hit by Dave Dziurzynski and loses puck.
3:22 of 3rd period - Brayden Schenn is hit by Dave Dziurzynski and loses puck.
4:17 of 3rd period - Icing by Eric Gryba.
4:18 of 3rd period - Riley Armstrong wins face-off versus Artem Anisimov in Scraper zone.
4:37 of 3rd period - Brayden Schenn is hit by Jaroslav Balastik.
4:53 of 3rd period - Snap shot by Brayden Schenn.
4:53 of 3rd period - Stopped by Brad Thiessen without a rebound.
4:54 of 3rd period - Rick Schofield wins face-off versus Alexandre Bolduc in Gangsters zone.
4:57 of 3rd period - Snap shot by Rick Schofield.
4:57 of 3rd period - Stopped by Brad Thiessen without a rebound.
4:58 of 3rd period - Alexandre Bolduc wins face-off versus Rick Schofield in Gangsters zone.
5:03 of 3rd period - Marcus Foligno is hit by Chris Bourque and loses puck.
5:12 of 3rd period - Snap shot by Valeri Bure.
5:12 of 3rd period - Stopped by Brad Thiessen with a rebound.
5:24 of 3rd period - Snap shot by Riley Armstrong.
5:24 of 3rd period - Goal by Riley Armstrong - Gangsters : 4 - Scraper : 6.
5:25 of 3rd period - Riley Armstrong wins face-off versus Artem Anisimov in neutral zone.
5:40 of 3rd period - Icing by Derek Joslin.
5:41 of 3rd period - Alexandre Bolduc wins face-off versus Riley Armstrong in Scraper zone.
6:31 of 3rd period - Snap shot by Ville Koistinen.
6:31 of 3rd period - Deflect By Maxime Sauvé.
6:31 of 3rd period - Stopped by Maxime Ouellet without a rebound.
6:32 of 3rd period - Maxime Sauvé wins face-off versus Riley Armstrong in Scraper zone.
6:37 of 3rd period - Backhand shot by Maxime Sauvé.
6:37 of 3rd period - Shot Blocked by Derek Joslin.
7:58 of 3rd period - Off-side.
7:59 of 3rd period - Artem Anisimov wins face-off versus Riley Armstrong in neutral zone.
8:10 of 3rd period - Snap shot by Jaroslav Balastik.
8:10 of 3rd period - Stopped by Maxime Ouellet with a rebound.
8:12 of 3rd period - Slapshot by Artem Anisimov.
8:12 of 3rd period - Shot Misses the Net.
9:29 of 3rd period - Wrist shot by Rick Schofield.
9:29 of 3rd period - Shot Misses the Net.
9:31 of 3rd period - Snap shot by Marcus Foligno.
9:31 of 3rd period - Shot Misses the Net.
9:59 of 3rd period - Snap shot by Mikko Lehtonen.
9:59 of 3rd period - Shot Misses the Net.
10:17 of 3rd period - Wrist shot by Chris Bourque.
10:17 of 3rd period - Deflect By Valeri Bure.
10:17 of 3rd period - Stopped by Maxime Ouellet with a rebound.
10:27 of 3rd period - Brendan Smith is hit by Maxime Sauvé and loses puck.
10:34 of 3rd period - Slapshot by Ville Koistinen.
10:34 of 3rd period - Shot Blocked by Jerome Samson.
10:36 of 3rd period - Slapshot by Dave Dziurzynski.
10:36 of 3rd period - Stopped by Maxime Ouellet with a rebound.
10:43 of 3rd period - Icing by Brendan Smith.
10:44 of 3rd period - Brayden Schenn wins face-off versus Artem Anisimov in Scraper zone.
11:19 of 3rd period - Backhand shot by Ryan Jones.
11:19 of 3rd period - Shot Misses the Net.
12:09 of 3rd period - Snap shot by Ryan Jones.
12:09 of 3rd period - Shot Hit the Post.
12:11 of 3rd period - Slapshot by Artem Anisimov.
12:11 of 3rd period - Goal by Artem Anisimov - Gangsters : 5 - Scraper : 6.
12:12 of 3rd period - Alexandre Bolduc wins face-off versus Marcus Foligno in neutral zone.
12:28 of 3rd period - Minor Penalty to Rick Schofield for Hooking.
12:29 of 3rd period - Eric Godard wins face-off versus Artem Anisimov in Scraper zone.
14:21 of 3rd period - Slapshot by Brock Bradford.
14:21 of 3rd period - Goal by Brock Bradford - Gangsters : 6 - Scraper : 6.
14:22 of 3rd period - Alexandre Bolduc wins face-off versus Valeri Bure in neutral zone.
14:56 of 3rd period - Slapshot by Ville Koistinen.
14:56 of 3rd period - Stopped by Maxime Ouellet with a rebound.
15:33 of 3rd period - Icing by Valeri Bure.
15:34 of 3rd period - Rick Schofield wins face-off versus Artem Anisimov in Scraper zone.
16:20 of 3rd period - Snap shot by Gustav Nyquist.
16:20 of 3rd period - Stopped by Maxime Ouellet with a rebound.
16:22 of 3rd period - Slapshot by Matt Delahey.
16:22 of 3rd period - Deflect By Eric Godard.
16:22 of 3rd period - Stopped by Maxime Ouellet without a rebound.
16:23 of 3rd period - Alexandre Bolduc wins face-off versus Riley Armstrong in Scraper zone.
16:29 of 3rd period - Minor Penalty to Riley Armstrong for Tripping.
16:30 of 3rd period - Eric Godard wins face-off versus Alexandre Bolduc in Scraper zone.
18:29 of 3rd period - Penalty to Riley Armstrong is over, Riley Armstrong is back on ice.
18:45 of 3rd period - Icing by Richard Panik.
18:46 of 3rd period - Rick Schofield wins face-off versus Brock Bradford in Gangsters zone.
18:56 of 3rd period - Off-side.
18:57 of 3rd period - Riley Armstrong wins face-off versus Artem Anisimov in neutral zone.
19:02 of 3rd period - Snap shot by Ilkka Heikkinen.
19:02 of 3rd period - Stopped by Brad Thiessen without a rebound.
19:03 of 3rd period - Artem Anisimov wins face-off versus Riley Armstrong in Gangsters zone.
19:08 of 3rd period - Slapshot by Shaun Heska.
19:08 of 3rd period - Stopped by Maxime Ouellet without a rebound.
19:09 of 3rd period - Brayden Schenn wins face-off versus Brock Bradford in Scraper zone.
Goals for this period are 4 for Gangsters vs 3 for Scraper.
Shots for this period are 18 for Gangsters vs 8 for Scraper.

Overtime #1


0:01 of 1st overtime period - Jaroslav Balastik wins face-off versus Eric Godard in neutral zone.
1:19 of 1st overtime period - Wrist shot by Nick Foligno.
1:19 of 1st overtime period - Stopped by Maxime Ouellet without a rebound.
1:20 of 1st overtime period - Eric Godard wins face-off versus Jaroslav Balastik in Scraper zone.
1:43 of 1st overtime period - Shaun Heska is hit by Eric Godard and loses puck.
2:04 of 1st overtime period - Icing by Nick Foligno.
2:05 of 1st overtime period - Eric Godard wins face-off versus Ryan Jones in Gangsters zone.
3:15 of 1st overtime period - Icing by Brendan Smith.
3:16 of 1st overtime period - Valeri Bure wins face-off versus Mikko Lehtonen in Scraper zone.
3:27 of 1st overtime period - Snap shot by Valeri Bure.
3:27 of 1st overtime period - Deflect By Brock Bradford.
3:27 of 1st overtime period - Shot Blocked by Brock Bradford.
3:27 of 1st overtime period - Puck is out of play.
3:28 of 1st overtime period - Jaroslav Balastik wins face-off versus Eric Godard in Gangsters zone.
4:00 of 1st overtime period - Snap shot by Daniel Winnik.
4:00 of 1st overtime period - Stopped by Brad Thiessen with a rebound.
4:02 of 1st overtime period - Snap shot by Jared Cowen.
4:02 of 1st overtime period - Stopped by Brad Thiessen without a rebound.
4:03 of 1st overtime period - Valeri Bure wins face-off versus Jaroslav Balastik in Gangsters zone.
Goals for this period are 0 for Gangsters vs 0 for Scraper.
Shots for this period are 1 for Gangsters vs 2 for Scraper.

ShootOut


5:00 of 1st overtime period - Penalty Shot by Jaroslav Balastik for Gangsters.
5:00 of 1st overtime period - Wrist shot by Jaroslav Balastik.
5:00 of 1st overtime period - Goal by Jaroslav Balastik.
5:00 of 1st overtime period - Penalty Shot by Eric Godard for Scraper.
5:00 of 1st overtime period - Snap shot by Eric Godard.
5:00 of 1st overtime period - Stopped by Brad Thiessen.
5:00 of 1st overtime period - Penalty Shot by Chris Bourque for Gangsters.
5:00 of 1st overtime period - Wrist shot by Chris Bourque.
5:00 of 1st overtime period - Stopped by Maxime Ouellet.
5:00 of 1st overtime period - Penalty Shot by Riley Armstrong for Scraper.
5:00 of 1st overtime period - Deke by Riley Armstrong.
5:00 of 1st overtime period - Shot Misses the Net.
5:00 of 1st overtime period - Penalty Shot by Ryan Jones for Gangsters.
5:00 of 1st overtime period - Snap shot by Ryan Jones.
5:00 of 1st overtime period - Stopped by Maxime Ouellet.
5:00 of 1st overtime period - Penalty Shot by Valeri Bure for Scraper.
5:00 of 1st overtime period - Wrist shot by Valeri Bure.
5:00 of 1st overtime period - Goal by Valeri Bure.
5:00 of 1st overtime period - Penalty Shot by Nick Foligno for Gangsters.
5:00 of 1st overtime period - Backhand shot by Nick Foligno.
5:00 of 1st overtime period - Goal by Nick Foligno.
5:00 of 1st overtime period - Penalty Shot by Daniel Winnik for Scraper.
5:00 of 1st overtime period - Backhand shot by Daniel Winnik.
5:00 of 1st overtime period - Goal by Daniel Winnik.
5:00 of 1st overtime period - Penalty Shot by Alexandre Bolduc for Gangsters.
5:00 of 1st overtime period - Backhand shot by Alexandre Bolduc.
5:00 of 1st overtime period - Goal by Alexandre Bolduc.
5:00 of 1st overtime period - Penalty Shot by Rick Schofield for Scraper.
5:00 of 1st overtime period - Backhand shot by Rick Schofield.
5:00 of 1st overtime period - Stopped by Brad Thiessen.


Output by the SimonT Hockey Simulator (STHS) for François Prévost -- Original Page W3C XHTML 1.0 Valid
Hockey Simulator - Hockey Simulation - Hockey Manager